 Dungeon Crawl Stone Soup version 0.29.0-4-gdea44cf6ec (webtiles) character file.

Game seed: 10487624377455989063

195 RascalDebosk the Shield-Bearer (level 5, 0/53 HPs)
             Began as a Troll Fighter on Aug 27, 2022.
             Slain by an orc
             ... wielding a +0 hand axe
              (4 damage)
             ... on level 3 of the Dungeon.
             The game lasted 00:20:16 (1863 turns).

RascalDebosk the Shield-Bearer (Troll Fighter)      Turns: 1863, Time: 00:20:17

Health: 0/53       AC:  4    Str: 30    XL:     5   Next: 45%
Magic:  4/4        EV:  9    Int:  4    God:
Gold:   140        SH:  0    Dex: 11    Spells: 4/4 levels left

rFire   . . .      SeeInvis .   a - +1 flail
rCold   . . .      Faith    .   c - +0 kite shield
rNeg    . . .      Spirit   .   b - +0 robe
rPois   .          Reflect  .   (helmet restricted)
rElec   .          Harm     .   (no cloak)
rCorr   .          Rampage  .   (gloves unavailable)
Will    .....                   (boots unavailable)
Stlth   +.........              (no amulet)
HPRegen 0.97/turn               f - +6 ring of strength
MPRegen 0.09/turn               (no ring)

@: confused
A: large, unfitting armour, claws 3, regeneration 1, shaggy fur 1, tough skin 1
a: no special abilities


You were on level 3 of the Dungeon.
You visited 1 branch of the dungeon, and saw 3 of its levels.

You collected 140 gold pieces.

Inventory:

Hand Weapons
 a - a +1 flail (weapon)
Missiles
 m - 3 javelins (quivered)
Armour
 b - a +0 robe (worn)
 c - a +0 kite shield (worn)
Jewellery
 f - a +6 ring of strength (left claw)
 i - a ring of poison resistance
Wands
 g - a wand of acid (2)
Potions
 d - 2 potions of might
 e - 3 potions of curing
 h - a potion of invisibility
 j - a potion of haste {unknown}
 k - 2 potions of mutation {unknown}
 l - a potion of brilliance {unknown}


   Skills:
 + Level 3.1 Fighting
 + Level 2.8 Maces & Flails
 + Level 1.8 Throwing
 + Level 3.1 Dodging
 + Level 3.4 Shields


You had 4 spell levels left.
You didn't know any spells.
Your spell library contained the following spells:

 Spells                   Type           Power      Damage    Failure   Level
 Gell's Gravitas          Tloc           0%         N/A       99%         3
 Teleport Other           Tloc           0%         N/A       99%         3
 Dispersal                Tloc           0%         N/A       100%        6


Dungeon Overview and Level Annotations

Branches:
Dungeon (3/15)

Altars:

Shops:
D:2 (

Annotations:
D:3 Terence


Innate Abilities, Weirdness & Mutations

You are too large for most types of armour.
You have claws for hands.
Your natural rate of healing is unusually fast.
You are covered in fur. (AC +1)
You have tough skin. (AC +1)


Message History

Found an escape hatch in the ceiling.
You flicker for a moment.
The orc wizard gestures at you while chanting.
The quokka appears confused.
You see here 3 javelins.
You thump the quokka!
You kill the quokka!
m - 3 javelins The hobgoblin shouts!
You flicker back into view.
The orc wizard hits you but does no damage.
You miss the orc wizard. The orc hits you with a +0 hand axe.
The orc wizard gestures at you while chanting.
The magic dart hits you.
An endoplasm comes into view.
Terence hits you with a +0 short sword.
* * * LOW HITPOINT WARNING * * *
The orc hits you but does no damage.
You hit the orc wizard but do no damage.
Terence hits you with a +0 short sword.
* * * LOW HITPOINT WARNING * * *
The orc barely misses you. The orc wizard casts a spell at you.
You are confused.
You bump into the rock wall.
Terence hits you with a +0 short sword.
* * * LOW HITPOINT WARNING * * *
The orc barely misses you. The goblin closely misses you.
The orc wizard hits you with a +0 dagger.
* * * LOW HITPOINT WARNING * * *
You barely miss the hobgoblin. Terence hits you with a +0 short sword.
* * * LOW HITPOINT WARNING * * *
The orc hits you but does no damage.
A rat comes into view.
The goblin hits you with a +0 club.
* * * LOW HITPOINT WARNING * * *
The hobgoblin closely misses you.
The orc wizard hits you with a +0 dagger.
* * * LOW HITPOINT WARNING * * *
Terence misses you. The orc hits you with a +0 hand axe.
You die...

###########.###.....#
##..# ####### ##..##
######### ###..##
#<....... #...##
#........ ######.###
#........ .......#
#......r. ########
#######.g...... #
......o@..J.... #
......og@...... #
...>....o.###### #
#$............# ##
#.............# .#
#.............# .#
#.............# .#
#.............# .#
#.............#


You could see Terence, an orc wizard, 2 orcs, an endoplasm, a hobgoblin, a
goblin and a rat (wandering).

Vanquished Creatures
  A centaur (D:3)
  4 adders (D:2)
  3 worms (D:2)
  A dart slug (D:2)
  An orc (D:3)
  4 ball pythons
  A bat (D:2)
  8 endoplasms
  4 giant cockroaches
  3 goblins
  5 hobgoblins
  11 jackals
  3 quokkas
  5 frilled lizards
  5 kobolds
  4 rats
63 creatures vanquished.

Vanquished Creatures (others)
  4 toadstools (D:1)
4 creatures vanquished.

Grand Total: 67 creatures vanquished

Notes
Turn   | Place    | Note
-------+----------+-------------------------------------------
     0 | D:1      | RascalDebosk the Troll Fighter began the quest for the Orb.
     0 | D:1      | Reached XP level 1. HP: 22/22 MP: 0/0
   155 | D:1      | Reached XP level 2. HP: 29/29 MP: 1/1
   804 | D:2      | Found a faded altar of an unknown god.
   806 | D:2      | Reached XP level 3. HP: 36/36 MP: 2/2
   840 | D:2      | Reached skill level 1 in Throwing
   921 | D:2      | Reached XP level 4. HP: 44/44 MP: 3/3
   987 | D:2      | Found Idwe's Weapon Shoppe.
  1571 | D:3      | Noticed a centaur
  1586 | D:3      | Killed a centaur
  1587 | D:3      | Reached XP level 5. HP: 18/53 MP: 4/4
  1826 | D:3      | Noticed Terence
  1863 | D:3      | Slain by an orc

Illustrated notes

Levels and vault maps discovered:
D:1:      ldierk_walled_garden_2, layout_loops_ring
D:2:      layout_basic, shapermc_ecumenical_altar_venn, serial_shops,
          nicolae_shop_bloodbath_and_beyond, minmay_pentomino_w2
D:3:      layout_basic, uniq_terence

Skill      XL: |  1  2  3  4 |
---------------+-------------+-----
Maces & Flails | 2 |  2.8
Shields        | 3 |  3.4
Throwing       | 1 |  1.8
Fighting       | 3 |  3.1
Dodging        | 3 |  3.1

Action                   |  1- 3 |  4- 6 || total
-------------------------+-------+-------++-------
Melee: Flail             |   105 |    62 ||   167
  Use: Scroll            |     4 |     3 ||     7
       Potion            |       |     1 ||     1
 Stab: Sleeping          |       |     1 ||     1
Armor: Robe              |    34 |    39 ||    73
Dodge: Dodged            |    44 |    54 ||    98
Block: Kite shield       |    35 |    36 ||    71
